[Event "Late-Titled-Tuesday-Blitz-May-28-2024"]
[Site "Chess.com"]
[Date "2024.05.28"]
[Round "2"]
[White "Zorbos"]
[Black "Charodej1"]
[Result "1/2-1/2"]
[WhiteElo "2717"]
[BlackElo "2448"]
[TimeControl "180+1"]
[EndTime "14:18:36 PDT"]
[Termination "Game drawn by repetition"]

1. e4 c6 2. d3 d5 3. Nf3 dxe4 4. dxe4 Qxd1+ 5. Kxd1 Bg4 6. Nd2 Nd7 7. h3 Bxf3+ 8. Nxf3 e6 9. Bd3 Ngf6 10. Ke2 Bc5 11.
a3 a5 12. Bf4 Ke7 13. g4 Rhd8 14. e5 Nd5 15. Bg5+ f6 16. exf6+ gxf6 17. Bd2 Rh8 18. Rae1 Bd6 19. Kd1 Bf4 20. Nd4 Nc5 21. Bc4 Bxd2 22. Kxd2 Kd7 23. Kc1 Rae8 24. c3 Nf4 25. Kc2 a4 26. b4 axb3+ 27. Nxb3 Nxb3 28. Bxb3 h5 29. f3 Kc7 30. Rd1 hxg4 31. hxg4 Nd5 32. Kd2 b5 33.
Rde1 Kd6 34. a4 bxa4 35. Bxa4 Ra8 36. Bb3 Rab8 37. Kc2 e5 38. Rd1 Kc5 39. Rde1 Ne3+ 40. Kb2 Nc4+ 41. Kc2 Ne3+ 42. Kd3 Rxh1 43. Rxh1 Rxb3 44. Kxe3 Rxc3+ 45. Ke4 Rc4+ 46. Ke3 Rf4 47. Rc1+ Kd6 48. Rd1+ Ke6 49. Rc1 Kd6 50. Rd1+ Kc7 51. Rc1 Kb6 52. Rb1+ Kc7 53. Rc1 Kb6 54. Rb1+ Kc7 55.
Rc1 1/2-1/2

[Event "Late-Titled-Tuesday-Blitz-May-28-2024"]
[Site "Chess.com"]
[Date "2024.05.28"]
[Round "2"]
[White "LiemLe"]
[Black "Maikrosoft63"]
[Result "1-0"]
[WhiteElo "3042"]
[BlackElo "2607"]
[TimeControl "180+1"]
[EndTime "14:18:37 PDT"]
[Termination "LiemLe won by checkmate"]

1. c4 e6 2. Nf3 Nf6 3. g3 a6 4.
Nc3 d5 5. cxd5 exd5 6. d4 Be7 7.
Bg2 O-O 8. O-O c6 9. Qc2 Nbd7 10. Bf4 Re8 11. Rad1 Nf8 12. Ne5 Ng6 13. e3 Bf8 14. h4 Bd6 15. Nxg6 hxg6 16. Rfe1 Bxf4 17. exf4 Bf5 18. Qb3 Qc7 19. Na4 Nd7 20. Bf3 Qa5 21. Nc3 Qb6 22. Qxb6 Nxb6 23. g4 Bd7 24. Kg2 a5 25.
Kg3 a4 26. Be2 Kf8 27. Bd3 Re7 28. Re5 Rxe5 29. fxe5 Be6 30. f4 Bd7 31. f5 gxf5 32. gxf5 f6 33. Kf4 Be8 34. Rh1 Bh5 35. Re1 Re8 36. Bc2 fxe5+ 37. Rxe5 Rxe5 38. dxe5 a3 39. b3 d4 40. Nb1 Nd5+ 41. Kg5 Nb4 42. Kxh5 Nxc2 43.
Kg6 d3 44. h5 Nd4 45. f6 gxf6 46. exf6 Nxb3 47. h6 d2 48. h7 d1=Q 49. h8=Q# 1-0

[Event "Late-Titled-Tuesday-Blitz-May-28-2024"]
[Site "Chess.com"]
[Date "2024.05.28"]
[Round "2"]
[White "ncofre98"]
[Black "MusicCityMaster"]
[Result "1/2-1/2"]
[WhiteElo "2605"]
[BlackElo "2392"]
[TimeControl "180+1"]
[EndTime "14:18:38 PDT"]
[Termination "Game drawn by repetition"]

1. c4 e5 2. Nc3 Nc6 3. Nf3 g6 4. d4 exd4 5. Nxd4 Bg7 6. e3 Nge7 7. Nc2 O-O 8. Be2 d6 9. O-O Be6 10. Nd5 Ne5 11. b3 c6 12. Nxe7+ Qxe7 13. Ba3 Rfd8 14. Nd4 a6 15. Qc2 Bc8 16. Rad1 c5 17. Nf3 b5 18.
Nxe5 Qxe5 19. Bf3 Bf5 20. Qd2 Rab8 21. Bd5 Be4 22. Qa5 Bxd5 23. Rxd5 Qc3 24. Qxc3 Bxc3 25.
Rc1 b4 26. Rc2 bxa3 27. Rxc3 Kf8 28. g4 Ke7 29. Kg2 Rb4 30. Rcd3 a5 31. e4 f6 32. g5 fxg5 33. e5 a4 34. exd6+ Kd7 35. Rxc5 axb3 36. Rc7+ Ke6 37. Rxb3 Rxb3 38. axb3 Ra8 39. d7 a2 40. d8=Q Rxd8 41. Ra7 Rb8 42. Rxa2 Rxb3 43. Rc2 Kd6 44. f3 Kc5 45. Kg3 Rb4 46. Re2 Rxc4 47. Re5+ Kd6 48. Rxg5 Ke6 49. h4 Kf6 50. Ra5 Rc1 51.
Kh3 Rg1 52. Rb5 h6 53. Ra5 Ke6 54. Rb5 Kf6 55. Ra5 Ke6 56. Rb5 Kf6 1/2-1/2

[Event "Late-Titled-Tuesday-Blitz-May-28-2024"]
[Site "Chess.com"]
[Date "2024.05.28"]
[Round "2"]
[White "JanMur7"]
[Black "VD_coach"]
[Result "0-1"]
[WhiteElo "2277"]
[BlackElo "2525"]
[TimeControl "180+1"]
[EndTime "14:18:38 PDT"]
[Termination "VD_coach won by checkmate"]

1. c4 Nf6 2. Nc3 g6 3. e4 d6 4. d4 Bg7 5. Be2 O-O 6. Bg5 c5 7. d5 b5 8. cxb5 a6 9. bxa6 Qa5 10. f3 Bxa6 11. Bd2 Nbd7 12. Bxa6 Qxa6 13. Nge2 Rfb8 14. Qc2 Ne5 15. O-O Qd3 16. Qxd3 Nxd3 17. b3 Nd7 18.
Rab1 N7e5 19. Rfd1 Nb4 20. a4 Ned3 21. Nb5 Nc2 22. Nf4 Nb2 23. Rdc1 Nd4 24. Nxd4 Bxd4+ 25. Kf1 Rxb3 26. Ne2 Bf6 27. Rc2 h5 28. Nc1 Rb7 29. Nd3 Nxd3 30. Rxb7 Rxa4 31. Ke2 Ne5 32. Rb8+ Kh7 33.
Re8 Nc4 34. h3 Na3 35. Rc1 Nb5 36. Rb1 Nd4+ 37. Ke1 Ra2 38. Rbb8 Nc2+ 39. Kd1 Nd4 40. h4 c4 41. Bg5 Ra1+ 42. Kd2 Ra2+ 43. Kc1 Nb3+ 44.
Kb1 Rb2# 0-1

[Event "Late-Titled-Tuesday-Blitz-May-28-2024"]
[Site "Chess.com"]
[Date "2024.05.28"]
[Round "2"]
[White "DanylaBagrov"]
[Black "lamomiajunior"]
[Result "1-0"]
[WhiteElo "2494"]
[BlackElo "2734"]
[TimeControl "180+1"]
[EndTime "14:18:39 PDT"]
[Termination "DanylaBagrov won by resignation"]

1. e4 c5 2. Nf3 d6 3. Bb5+ Nd7 4.
O-O a6 5. Bd3 Ngf6 6. Re1 e6 7.
c3 b5 8. a4 c4 9. Bc2 Bb7 10.
axb5 axb5 11. Rxa8 Qxa8 12. Na3 Bc6 13. d3 cxd3 14. Qxd3 Nc5 15. Qe2 Qb7 16. Nd4 Bxe4 17. Bxe4 Ncxe4 18. Naxb5 Be7 19. f3 Nc5 20. Bf4 Qb6 21. Kh1 O-O 22. c4 h6 23. Rd1 Re8 24. b4 Nb7 25. Be3 Qd8 26. Nc6 Qc8 27. Nxe7+ Rxe7 28. Nxd6 Nxd6 29. Rxd6 Qb8 30. Qd2 Re8 31. b5 Qa8 32. b6 Qa1+ 33. Qd1 Qc3 34. Qd3 Qa1+ 35. Bg1 Qa6 36. c5 Qa2 37. c6 Nd5 38. b7 Nf4 39. Qf1 Qb2 40. Qf2 Qb5 41. Qd2 Nd5 42. Qd4 Qb6 43. Qxb6 1-0

[Event "Late-Titled-Tuesday-Blitz-May-28-2024"]
[Site "Chess.com"]
[Date "2024.05.28"]
[Round "2"]
[White "manitodeplomo"]
[Black "osielchesslover2011"]
[Result "1-0"]
[WhiteElo "2514"]
[BlackElo "2249"]
[TimeControl "180+1"]
[EndTime "14:18:39 PDT"]
[Termination "manitodeplomo won by checkmate"]

1. d4 Nf6 2. c4 g6 3. Nc3 Bg7 4. e4 d6 5. Be2 O-O 6. Nf3 e5 7. d5 c5 8. O-O a6 9. Ne1 Ne8 10. Nd3 f5 11. f3 f4 12. Bd2 g5 13. g4 h5 14. h3 hxg4 15. hxg4 Qf6 16. Kg2 Kf7 17. Rh1 Nd7 18. b4 b6 19. a4 Nc7 20.
a5 bxa5 21. bxc5 Nxc5 22. Nxc5 dxc5 23. Rxa5 Bd7 24. Rxc5 Ne8 25. Ra5 Rc8 26. c5 Nc7 27. d6 Ne6 28. Nd5 Qg6 29. Ne7 Qf6 30. Nxc8 Rxc8 31.
Bc4 Kg6 32. Bb4 Nd4 33. Rxa6 Rb8 34. Rb6 Ra8 35. Bd5 Ra7 36. c6 Be6 37. c7 Bxd5 38. exd5 Ra2+ 39. Kf1 e4 40. c8=Q e3 41. Qe8+ Qf7 42.
Qd3+ Kf6 43. Qxf7+ Kxf7 44. Rb7+ Kg8 45. Qh7+ Kf8 46.
d7+ Kf7 47. d8=Q# 1-0

[Event "Late-Titled-Tuesday-Blitz-May-28-2024"]
[Site "Chess.com"]
[Date "2024.05.28"]
[Round "2"]
[White "TatjanaVasilevich"]
[Black "kalinchick"]
[Result "1-0"]
[WhiteElo "2598"]
[BlackElo "2377"]
[TimeControl "180+1"]
[EndTime "14:18:40 PDT"]
[Termination "TatjanaVasilevich won by checkmate"]

1. d4 Nf6 2. c4 e6 3. Nc3 d5 4.
cxd5 exd5 5. Bg5 Nbd7 6. e3 Be7 7. Bd3 O-O 8. Nge2 h6 9. Bh4 c6 10. O-O Ne4 11. Bxe7 Qxe7 12. Bxe4 dxe4 13. Ng3 Nf6 14.
f3 exf3 15. Qxf3 Be6 16. e4 Rad8 17. e5 Nd5 18. Nce4 Qh4 19. Rae1 Ne7 20. Qf2 b6 21. Nd6 Nc8 22. Re4 Qg5 23. Nxc8 Bxc8 24. Rf4 Be6 25.
Ne4 Qe7 26. a3 Kh8 27. Qe3 Rd5 28. Nf6 Rb5 29. Qd3 gxf6 30. Rxf6 Rg8 31. Qe3 Rg5 32. h4 Rh5 33. Rxh6+ Rxh6 34. Qxh6+ Kg8 35. b4 Qf8 36. Qe3 Qg7 37. Rf3 Kf8 38. Rg3 Qh7 39. Qg5 Rd5 40. Qf4 Ke7 41. Qf6+ Ke8 42. Rg7 Qh8 43. h5 Rxd4 44.
h6 Rd1+ 45. Kh2 Rd4 46. h7 Rd5 47. Rg8+ Kd7 48. Qd8# 1-0

[Event "Late-Titled-Tuesday-Blitz-May-28-2024"]
[Site "Chess.com"]
[Date "2024.05.28"]
[Round "2"]
[White "DonMicheleCorleone"]
[Black "NowInChess"]
[Result "1-0"]
[WhiteElo "2501"]
[BlackElo "2223"]
[TimeControl "180+1"]
[EndTime "14:18:41 PDT"]
[Termination "DonMicheleCorleone won on time"]

1. e4 e6 2. d4 d5 3. Nc3 Nc6 4. Nf3 Nf6 5. e5 Ne4 6. Bd3 Bb4 7. Bd2 Nxd2 8. Qxd2 f6 9. exf6 Qxf6 10. O-O O-O 11. Rae1 Bd7 12. Qe3 Bxc3 13. bxc3 Rae8 14. Ne5 Nxe5 15. Qxe5 Qxe5 16. Rxe5 c5 17. Rfe1 c4 18. Be2 Rf6 19. Bg4 Kf7 20. g3 Ba4 21. R1e2 Bd7 22.
Kg2 Rc8 23. f4 Rc6 24. Bf3 Bc8 25. h4 Ra6 26. h5 h6 27. f5 Rxf5 28. Rxf5+ exf5 29.
Bxd5+ Be6 30. Rxe6 Rxe6 31. Bxc4 b5 32. Bxe6+ Kxe6 33. Kf3 Kd5 34. Kf4 Ke6 35. a3 a6 36. Ke3 Kd5 37. Kd3 a5 38. Ke3 Kc4 39. Kf4 a4 40. Kxf5 Kxc3 41. d5 b4 42. axb4 a3 43. d6 a2 44. d7 a1=Q 45. d8=Q Qf1+ 46. Kg6 Qe2 47. Qd3+ Qxd3+ 48. cxd3 Kxd3 49. b5 1-0

[Event "Late-Titled-Tuesday-Blitz-May-28-2024"]
[Site "Chess.com"]
[Date "2024.05.28"]
[Round "2"]
[White "tactic"]
[Black "Sanan_Sjugirov"]
[Result "0-1"]
[WhiteElo "2593"]
[BlackElo "2992"]
[TimeControl "180+1"]
[EndTime "14:18:42 PDT"]
[Termination "Sanan_Sjugirov won by resignation"]

1. e4 c5 2. c3 Nf6 3. e5 Nd5 4. Nf3 d6 5. Na3 dxe5 6. Nxe5 e6 7. Qh5 g6 8. Qf3 f6 9. Bb5+ Nd7 10. Nxd7 Bxd7 11.
O-O Bxb5 12. Nxb5 a6 13. Na3 Be7 14. Re1 Qd7 15. d3 O-O 16. Nc4 b5 17. Ne3 Nxe3 18.
Qxe3 e5 19. a4 Rad8 20. axb5 axb5 21. Rd1 Ra8 22. Ra3 Rxa3 23. bxa3 Rd8 24. h4 Bf8 25. h5 Qg4 26. f3 Qxh5 27. Qe4 c4 28. d4 Qf5 29. Qc6 exd4 30. cxd4 Kf7 31. Qc7+ Rd7 32.
Qc6 Qd5 33. Qc8 Rd8 34. Qc7+ Rd7 35. Qc8 h5 36. Bf4 Rd8 37. Qc7+ Rd7 38. Qc8 Qb7 39. Qxb7 Rxb7 40. d5 Bxa3 41. d6 Rd7 42. Rb1 c3 43. Rxb5 c2 44. Rb6 c1=Q+ 45. Bxc1 Bxc1 46. Rc6 Bf4 47.
Rc4 Bxd6 48. Kh1 Be7 49. g4 hxg4 50. fxg4 g5 51. Kg2 Rd3 52. Rc7 Rd4 53. Kf3 Ke6 54. Rc6+ Bd6 55. Rc8 Rf4+ 56. Ke3 Rxg4 57. Re8+ Kf5 58.
Kf2 Be5 59. Kf1 Rf4+ 60. Kg2 g4 61. Rg8 Rb4 62. Kf2 Rb2+ 63. Ke3 Rb3+ 64. Ke2 Kf4 65. Kd2 g3 66. Kc2 Rf3 67. Kd2 Rf2+ 68. Ke1 Kf3 69.
Rd8 Bc3+ 70. Kd1 Rd2+ 71. Kc1 Rxd8 72. Kc2 g2 0-1

[Event "Late-Titled-Tuesday-Blitz-May-28-2024"]
[Site "Chess.com"]
[Date "2024.05.28"]
[Round "2"]
[White "Truequitos"]
[Black "GMG"]
[Result "1/2-1/2"]
[WhiteElo "2556"]
[BlackElo "2816"]
[TimeControl "180+1"]
[EndTime "14:18:43 PDT"]
[Termination "Game drawn by repetition"]

1. d4 d5 2. Bf4 c5 3. e4 dxe4 4.
d5 Nf6 5. Nc3 a6 6. Nge2 g6 7.
Ng3 Bg7 8. a4 b6 9. Bc4 O-O 10.
O-O Bb7 11. Re1 Nbd7 12. Qd2 Ne8 13. Ngxe4 Ndf6 14. Rad1 Nd6 15. Nxd6 exd6 16. Bh6 Qd7 17. Bxg7 Kxg7 18. Qf4 Rae8 19. b3 h6 20. f3 Rxe1+ 21. Rxe1 Re8 22. Rxe8 Qxe8 23. Kf2 Qe7 24. g4 Nd7 25. Ne4 Ne5 26. Kg3 b5 27. axb5 axb5 28. Bxb5 Bxd5 29. h4 f6 30. Be2 g5 31. hxg5 hxg5 32.
Qe3 Ng6 33. Kf2 Bxe4 34. Qxe4 Qxe4 35. fxe4 Ne5 36. c3 Kf7 37. b4 Ke7 38. b5 Kd7 39. Ke3 Kc7 40. c4 Kb6 41. Kd2 Ka5 42. Kc3 Nd7 43.
Bd1 Ne5 44. Be2 Kb6 45. Bd1 Ng6 46. Be2 Nf4 47. Bf3 Ng6 48. Be2 Ne5 49. Bd1 Ka5 50. Be2 1/2-1/2

[Event "Late-Titled-Tuesday-Blitz-May-28-2024"]
[Site "Chess.com"]
[Date "2024.05.28"]
[Round "2"]
[White "Dolphin_2010"]
[Black "MeisterJabo"]
[Result "1-0"]
[WhiteElo "2744"]
[BlackElo "2471"]
[TimeControl "180+1"]
[EndTime "14:18:44 PDT"]
[Termination "Dolphin_2010 won by resignation"]

1. d4 Nf6 2. Bg5 e6 3. c4 Bb4+ 4. Nd2 h6 5. Bxf6 Qxf6 6. a3 Bxd2+ 7. Qxd2 O-O 8. e3 d5 9. Nf3 c6 10. Bd3 Nd7 11. O-O e5 12. cxd5 cxd5 13. dxe5 Nxe5 14. Be2 Be6 15. Rac1 Rac8 16. Nd4 Nc4 17. Qb4 Ne5 18.
Rxc8 Bxc8 19. Rc1 Nc6 20. Nxc6 bxc6 21. Qc3 Qxc3 22. Rxc3 Bd7 23. b4 Rb8 24. Rc5 Kf8 25. Kf1 Ke7 26. Ke1 Kd6 27. Kd2 g5 28. Kc3 f5 29.
Kd4 Re8 30. Bd3 f4 31. Ra5 fxe3 32. fxe3 Rf8 33. Rxa7 Rf2 34. e4 Rxg2 35. exd5 cxd5 36. Ra6+ Kc7 37. Rxh6 Bc6 38. b5 Bd7 39. b6+ Kc8 40. Ba6+ Kd8 41. Rh8+ Ke7 42. b7 Rd2+ 43. Kc3 Rb2 44.
Kxb2 d4 45. b8=Q d3 46. Qe5+ Be6 47. Rh7+ Kf8 1-0

[Event "Late-Titled-Tuesday-Blitz-May-28-2024"]
[Site "Chess.com"]
[Date "2024.05.28"]
[Round "2"]
[White "laskakid"]
[Black "CristhianPortalR"]
[Result "0-1"]
[WhiteElo "2346"]
[BlackElo "2541"]
[TimeControl "180+1"]
[EndTime "14:18:45 PDT"]
[Termination "CristhianPortalR won on time"]

1. e4 c5 2. Nf3 d6 3. d3 Nc6 4. g3 g6 5. Bg2 Bg7 6. O-O Nf6 7. Re1 e5 8. Nc3 O-O 9. Nd2 Rb8 10. a4 a6 11. Nc4 Be6 12. Nd5 b5 13. axb5 axb5 14. Nce3 Nd7 15. c3 b4 16. f4 bxc3 17. bxc3 Nb6 18. Nxb6 Qxb6 19. f5 Bb3 20. Qf3 f6 21. Bd2 Bf7 22. Nd5 Bxd5 23. exd5 Ne7 24.
g4 c4+ 25. Be3 Qb5 26. d4 Qb2 27. Bf2 Rb3 28. Rac1 Bh6 29. Rb1 Qxc3 30. Qxc3 Rxc3 31. dxe5 fxe5 32. fxg6 hxg6 33. Rb7 Rf7 34. Be4 Kg7 35. Bh4 Be3+ 36. Kg2 g5 37. Bg3 Bf4 38. Bxf4 gxf4 39. h4 Rg3+ 40. Kf2 Rxg4 41. h5 f3 42. Rg1 Rxg1 43. Kxg1 Ng8 0-1

[Event "Late-Titled-Tuesday-Blitz-May-28-2024"]
[Site "Chess.com"]
[Date "2024.05.28"]
[Round "2"]
[White "szachmistrz2500"]
[Black "JaackCamel"]
[Result "1-0"]
[WhiteElo "2504"]
[BlackElo "2231"]
[TimeControl "180+1"]
[EndTime "14:18:45 PDT"]
[Termination "szachmistrz2500 won on time"]

1. e4 e6 2. d4 d5 3. Nc3 Bb4 4. e5 Ne7 5. Bd2 Ng6 6. Qg4 c5 7. O-O-O cxd4 8. Nb5 Bxd2+ 9. Rxd2 O-O 10. f4 Nc6 11.
Nf3 f6 12. exf6 e5 13. f5 Qxf6 14. Nc7 Bxf5 15. Qg3 Rad8 16. Nxd5 Rxd5 17. Bc4 Be6 18. Ng5 Rd6 19. Nxe6 Rxe6 20. Rf1 Qxf1+ 21. Bxf1 Rxf1+ 22. Rd1 Ref6 23. Qb3+ Rf7 24. Qe6 Rxd1+ 25. Kxd1 Nf4 26. Qc8+ Rf8 27. Qxb7 Nd8 28. Qb3+ Nfe6 29. Qd5 Kf7 30. Qxe5 Re8 31. Qf5+ Ke7 32. Qxh7 Kd6 33. h4 Rf8 34. g4 Nc6 35. a3 Rf2 36. h5 Ne5 37. g5 Nf3 38. h6 Nf4 39. c4 d3 40. c5+ Kxc5 41. Qf5+ Ne5 42. hxg7 Kd4 43. Qxe5+ Kxe5 44. g8=Q Ke4 45.
Qe8+ Kf3 46. g6 1-0

[Event "Late-Titled-Tuesday-Blitz-May-28-2024"]
[Site "Chess.com"]
[Date "2024.05.28"]
[Round "2"]
[White "Shuvalov"]
[Black "Iball95"]
[Result "0-1"]
[WhiteElo "2554"]
[BlackElo "2857"]
[TimeControl "180+1"]
[EndTime "14:18:46 PDT"]
[Termination "Iball95 won on time"]

1. d4 d5 2. c4 e6 3. Nf3 Nf6 4. Nc3 c5 5. cxd5 cxd4 6. Qa4+ Bd7 7. Qxd4 exd5 8. Nxd5 Qa5+ 9. Nc3 Nc6 10. Qd1 O-O-O 11. Bd2 Bf5 12. e4 Bg4 13. a3 Re8 14. Bd3 Bd6 15.
O-O Qh5 16. h3 Bxh3 17. e5 Nxe5 18. Nxe5 Qxe5 19. f4 Qd4+ 20. Kh2 Ng4+ 21. Kxh3 Qxd3+ 22. Qf3 Qxf3+ 23. Rxf3 h5 24. Re1 Rxe1 25. Bxe1 Re8 26. Bg3 a6 27. Rd3 Rd8 28. Nd5 Kd7 29. Nb6+ Kc6 30. Nc4 Bc7 31. Rxd8 Bxd8 32. Bh4 f6 33.
Kg3 Kd5 34. Nd2 Bb6 35. Kf3 Bd4 36.
b3 b5 37. a4 Bc3 38. Ne4 Bd4 39. axb5 axb5 40. Nd2 f5 41. Nf1 Kc5 42. Be7+ Kd5 43.
Ng3 g6 44. Bf8 Bc5 45. Bg7 Bd6 46. Ne2 Kc5 47. Bc3 h4 0-1

[Event "Late-Titled-Tuesday-Blitz-May-28-2024"]
[Site "Chess.com"]
[Date "2024.05.28"]
[Round "2"]
[White "GianmarcoVaR"]
[Black "ViktoriyaTarasova"]
[Result "1-0"]
[WhiteElo "2709"]
[BlackElo "2396"]
[TimeControl "180+1"]
[EndTime "14:18:48 PDT"]
[Termination "GianmarcoVaR won by resignation"]

1. Nf3 Nf6 2. g3 b6 3. Bg2 Bb7 4. O-O c5 5. d3 d5 6. e4 e6 7. Nc3 Nbd7 8. e5 Ng8 9. Bg5 Be7 10. Bxe7 Nxe7 11. Nb5 O-O 12. Re1 Bc6 13. Na3 b5 14.
c3 a5 15. Nc2 b4 16. Ne3 Qb6 17. Qd2 a4 18. Rab1 Rfb8 19. c4 d4 20. Ng4 Qb7 21. Nh4 Bxg2 22. Nxg2 Ng6 23. f4 Re8 24. Rf1 Qc7 25.
Rbe1 Ra6 26. Qd1 Ne7 27. Nf2 Ng6 28. Qh5 f6 29. exf6 Nxf6 30. Qd1 e5 31. f5 Nf8 32.
Nh4 N8d7 33. Nf3 Qc6 34. Ng5 Nf8 35. g4 Qd7 36. Nfe4 Nxe4 37. Nxe4 Qc7 38. g5 Nd7 39. f6 Rf8 40. Qg4 Qd8 41. Rf3 gxf6 42. gxf6+ Kf7 43. Qg7+ Ke6 44. Ng5+ Kd6 45. Nf7+ Rxf7 46. Qxf7 Ra8 47. Kh1 Kc7 48. Rxe5 Qf8 49. Qxf8 Rxf8 50. Re6 h5 51. Rf5 h4 52. Kg2 Kd8 53. Kh3 Rf7 54. Kxh4 1-0

[Event "Late-Titled-Tuesday-Blitz-May-28-2024"]
[Site "Chess.com"]
[Date "2024.05.28"]
[Round "2"]
[White "KorolDimitriy75"]
[Black "arctic_t00"]
[Result "0-1"]
[WhiteElo "2395"]
[BlackElo "2641"]
[TimeControl "180+1"]
[EndTime "14:18:48 PDT"]
[Termination "arctic_t00 won by checkmate"]

1. d4 g6 2. c4 Bg7 3. Nf3 d6 4. Nc3 Nf6 5. e4 O-O 6. Be2 Na6 7. O-O e5 8. Re1 Bg4 9. Be3 Re8 10. d5 Nc5 11.
Qc2 a5 12. h3 Bd7 13. Nd2 Rf8 14. b3 Ne8 15. a3 b6 16. b4 Nb7 17. Nb5 f5 18. f3 f4 19. Bf2 g5 20. c5 bxc5 21.
bxc5 Nxc5 22. Bxc5 dxc5 23. Qxc5 h5 24. Rec1 g4 25.
fxg4 hxg4 26. hxg4 Qh4 27. Nxc7 Rc8 28. d6 Nxc7 29.
dxc7 Bxg4 30. Bxg4 Qxg4 31. Nf3 Qg6 32. Rc4 Qe6 33.
Rac1 Bf6 34. Qxa5 Rf7 35. a4 Rg7 36. Qb5 Qg4 37. Qd5+ Kh8 38. R1c2 Qxf3 39. Qe6 Qd1+ 40. Kf2 Bh4+ 41. g3 Bxg3+ 42. Kg2 Bh4+ 43. Kh2 Qg1+ 44. Kh3 Qg3# 0-1

[Event "Late-Titled-Tuesday-Blitz-May-28-2024"]
[Site "Chess.com"]
[Date "2024.05.28"]
[Round "2"]
[White "The_Machine04"]
[Black "Ykow"]
[Result "0-1"]
[WhiteElo "2805"]
[BlackElo "2563"]
[TimeControl "180+1"]
[EndTime "14:18:49 PDT"]
[Termination "Ykow won by checkmate"]

1. d4 d5 2. Nf3 Nf6 3. e3 c5 4.
c3 e6 5. Nbd2 Be7 6. Bd3 b6 7.
Ne5 Bb7 8. f4 O-O 9. Qf3 Ne8 10.
Qh3 f5 11. g4 Nd6 12. Ndf3 Ba6 13. Bc2 Ne4 14. gxf5 exf5 15. Rg1 Qc8 16. Bd2 Nd7 17. O-O-O Nxe5 18. Nxe5 Bf6 19. Be1 Qe6 20. Bxe4 dxe4 21. d5 Qc8 22. d6 Bxe5 23. fxe5 Qe6 24. Bh4 Qxa2 25. Qg2 Rf7 26. Qc2 Bd3 27. Rxd3 exd3 28. Qxd3 Qe6 29. Bg3 a5 30. Bf4 a4 31. c4 a3 32.
bxa3 Ra4 33. Kb2 Rxc4 34. Rd1 Rd7 35. Qb3 g5 36. Rc1 b5 37. Rg1 h6 38. h4 Rg7 39.
hxg5 hxg5 40. Bg3 f4 41. Qxb5 fxg3 42. Qb8+ Kh7 43. Rh1+ Kg6 44. d7 Rxd7 45. Qh8 Kf5 46. Rf1+ Ke4 47. Qh7+ Rxh7 48. Rf2 gxf2 49. a4 Rb4+ 50.
Ka3 Qb3# 0-1

[Event "Late-Titled-Tuesday-Blitz-May-28-2024"]
[Site "Chess.com"]
[Date "2024.05.28"]
[Round "2"]
[White "djjohnnywoo"]
[Black "Dexter_Dyke"]
[Result "1-0"]
[WhiteElo "2142"]
[BlackElo "2443"]
[TimeControl "180+1"]
[EndTime "14:18:49 PDT"]
[Termination "djjohnnywoo won by checkmate"]

1. b3 e5 2. Bb2 Nc6 3. e3 f6 4. Nf3 d5 5. Be2 Bd6 6. d4 e4 7. Nfd2 Nce7 8. a3 c6 9. c4 f5 10. Nc3 Nf6 11. b4 Be6 12. g3 O-O 13.
Qc2 h5 14. h4 Ng4 15. Bf1 Nxe3 16. fxe3 Bxg3+ 17. Kd1 f4 18. Ne2 Nf5 19. Kc1 Nxe3 20. Qc3 Bf2 21. Nxe4 Nxc4 22. Nxf2 f3 23. Ng3 Qd6 24.
Rg1 Qf4+ 25. Kb1 a5 26. Bd3 axb4 27. Qxb4 b5 28. Nxh5 Qxh4 29. Rxg7+ Kh8 30. Rh7+ Kg8 31. Nf6+ Qxf6 32. Ka2 Qg5 33. Rah1 Bf5 34. R7h5 Qg6 35. Bxf5 Rxf5 36. Rh8+ Kg7 37. Rxa8 Qg2 38. Qe1 Rf7 39. Rg1 Kf6 40. Rxg2 fxg2 41. Qg1 Rg7 42. Rc8 Kf5 43. Rxc6 Ne3 44. Rc3 Kf4 45. Rxe3 Kxe3 46. Ng4+ Kf3 47.
Ne5+ Ke4 48. Bc1 Kf5 49. Be3 Ke6 50. Qh2 g1=Q 51. Bxg1 Rg5 52. Qh6+ Kf5 53. Be3 Rg2+ 54. Kb3 Ke4 55. Qf4# 1-0

[Event "Late-Titled-Tuesday-Blitz-May-28-2024"]
[Site "Chess.com"]
[Date "2024.05.28"]
[Round "2"]
[White "baki83"]
[Black "RantomOpening"]
[Result "1-0"]
[WhiteElo "2929"]
[BlackElo "2574"]
[TimeControl "180+1"]
[EndTime "14:18:52 PDT"]
[Termination "baki83 won by resignation"]

1. e4 c6 2. d4 d5 3. e5 Bf5 4. h4 h5 5. Bd3 Bxd3 6. Qxd3 e6 7. Nf3 Qa5+ 8. Nbd2 Qa6 9. c4 Ne7 10. b3 Nf5 11. O-O Be7 12. g3 Nd7 13. Qc2 g5 14. hxg5 Rg8 15. Rd1 Bxg5 16. Nxg5 Rxg5 17. Nf3 Rg8 18.
cxd5 cxd5 19. Bg5 h4 20. g4 Ne7 21. Rac1 Nc6 22. Kg2 Nf8 23. Qd2 Ng6 24. Bf6 Kd7 25. Rh1 Qa5 26. Rxc6 Nf4+ 27. Qxf4 bxc6 28. Rxh4 Raf8 29.
g5 Qxa2 30. Rh7 Qc2 31. Qh2 Qf5 32. Qh5 Rg6 33. Kg3 Qe4 34. Qg4 Qb1 35. Rh6 Rfg8 36. Rh3 Qxb3 37. Kg2 Qb1 38. Nh4 Rxf6 39. exf6 a5 40.
Rg3 a4 41. Qf4 a3 42. Rxa3 Qe4+ 43. Qxe4 Rxg5+ 44. Rg3 Rxg3+ 45. Kxg3 dxe4 46. Kf4 e5+ 47. Kxe5 e3 48. fxe3 1-0

[Event "Late-Titled-Tuesday-Blitz-May-28-2024"]
[Site "Chess.com"]
[Date "2024.05.28"]
[Round "2"]
[White "rezamahdavi2008"]
[Black "bazar-wokzal"]
[Result "1-0"]
[WhiteElo "3003"]
[BlackElo "2594"]
[TimeControl "180+1"]
[EndTime "14:18:55 PDT"]
[Termination "rezamahdavi2008 won by resignation"]

1. e4 c5 2. Nf3 d6 3. d4 cxd4 4.
Nxd4 Nf6 5. Nc3 a6 6. h3 g6 7. g4 Bg7 8. Bg2 O-O 9. Be3 Nc6 10. O-O Bd7 11. Nb3 Rc8 12. Qe2 Ne5 13. Rad1 Nc4 14.
Bc1 b5 15. f4 b4 16. Nd5 Nxd5 17. Rxd5 Bb5 18. Qf2 Nxb2 19. Re1 Na4 20. e5 Nc3 21. Rd2 Nxa2 22. Bb2 Nc3 23. Nd4 Qb6 24. Nxb5 Qxf2+ 25. Kxf2 Nxb5 26. Bb7 Rc5 27. Bxa6 dxe5 28. Bxe5 Bxe5 29. Rxe5 Rxe5 30. fxe5 Nc3 31. Rd4 f5 32. Ke3 Rb8 33. Bc4+ Kg7 34. Rd7 fxg4 35. Rxe7+ Kh6 36. hxg4 Rc8 37.
Bb3 Kg5 38. Rxh7 Re8 39. e6 Kxg4 40. Kd4 g5 41. e7 Kf5 42. Rf7+ Kg6 43. Ke5 Ne2 44.
Kd6 Nd4 45. Kd7 Rxe7+ 46. Rxe7 g4 47. Re4 Nxb3 48. cxb3 Kf5 49. Rxb4 g3 50. Rb8 1-0

[Event "Late-Titled-Tuesday-Blitz-May-28-2024"]
[Site "Chess.com"]
[Date "2024.05.28"]
[Round "2"]
[White "stollenmonster"]
[Black "ChessLebaneseSalah"]
[Result "1-0"]
[WhiteElo "2855"]
[BlackElo "2550"]
[TimeControl "180+1"]
[EndTime "14:18:55 PDT"]
[Termination "stollenmonster won by resignation"]

1. e4 e5 2. Nc3 Nc6 3. g3 Bc5 4. Bg2 Nf6 5. h3 O-O 6. Nge2 d6 7. d3 Nd4 8. O-O Re8 9. Kh2 c6 10. f4 b5 11. a3 a5 12. f5 Bb7 13. g4 h6 14. Ng3 d5 15. Nh5 dxe4 16. Nxf6+ Qxf6 17. Nxe4 Qe7 18. f6 gxf6 19. Rxf6 Ne6 20. Bxh6 Nf4 21.
Bg5 Qf8 22. Qe1 Be7 23. Rf5 f6 24. Nxf6+ Bxf6 25. Bxf6 Nxg2 26. Kxg2 c5+ 27. Kh2 e4 28. Qh4 Qd6+ 29. Kg1 exd3 30. Qh8+ Kf7 31. Qg7+ Ke6 32. Re5+ Qxe5 33. Bxe5 dxc2 34. Qxb7 Kxe5 35. Qxb5 Rad8 36. Qxc5+ Kf4 37. Qxc2 Re3 38. Qh2+ Rg3+ 39. Kh1 Rd3 40.
Rf1+ Kg5 41. Rf5+ Kh6 42. Rh5+ Kg6 43. Qxg3 Rxg3 44. Kh2 Rb3 45. Rxa5 Rxb2+ 46. Kg3 Rb3+ 47. Kh4 Rb7 48. a4 Kh7 49. Ra6 Kg7 50. a5 Rb5 51. g5 Rb4+ 52. Kh5 Rb7 53. h4 Kh7 54. Rb6 Ra7 55.
a6 Kh8 56. Rb8+ Kh7 57. Rb7+ Kh8 58. Rxa7 Kg8 59. Kg6 1-0

[Event "Late-Titled-Tuesday-Blitz-May-28-2024"]
[Site "Chess.com"]
[Date "2024.05.28"]
[Round "2"]
[White "RichardShtivelband"]
[Black "Denmark2015"]
[Result "1-0"]
[WhiteElo "2395"]
[BlackElo "2586"]
[TimeControl "180+1"]
[EndTime "14:18:56 PDT"]
[Termination "RichardShtivelband won on time"]

1. d4 e6 2. c4 f5 3. g3 Nf6 4. Bg2 Be7 5. Nh3 d6 6. O-O c6 7. Nc3 Qc7 8. e4 e5 9. dxe5 dxe5 10. exf5 Bxf5 11. Ng5 Nbd7 12. Qe2 O-O 13. c5 h6 14.
Qc4+ Kh8 15. Nf7+ Kh7 16. Be3 Ng4 17. Be4 Bxe4 18. Qxe4+ Kg8 19. Qxg4 Rxf7 20. Rad1 Nxc5 21. Bxh6 Qc8 22. Qxc8+ Rxc8 23. Be3 a6 24. b4 Ne6 25. a3 Bf6 26. Ne4 Kf8 27. Nd6 Rcc7 28. Nxf7 Rxf7 29. Rd6 Nd4 30. Bxd4 exd4 31. Re1 Rc7 32. f4 Kf7 33. Kf2 Kg6 34. Kf3 Kf7 35. g4 a5 36. g5 Be7 37. Rxd4 axb4 38. axb4 c5 39. bxc5 Bxc5 40. Rc4 b6 41. f5 Ra7 42. Kg4 Ra8 43. Rd1 Ke7 44.
Re4+ Kf8 45. Rd7 Rb8 46. Kh5 b5 47. Kg6 b4 48. Rf7+ Kg8 49. Rxg7+ Kf8 50. Rh4 Ke8 51. Rh8+ Bf8 52. Rgg8 Ke7 53. f6+ Ke6 54. Rxf8 Rb5 55. Rb8 1-0